 Dungeon Crawl Stone Soup version 0.29-a0-284-gf9362112df (webtiles) character file.

Game seed: 779121171146494192

3217 FrostSilk the Fighter (level 9, -1/83 HPs)
             Began as a Minotaur Berserker on Mar 15, 2022.
             Was an Elder of Trog.
             Slain by an orc warrior
             ... wielding a +0 glaive
              (14 damage)
             ... in a bailey.
             The game lasted 00:27:44 (8111 turns).

FrostSilk the Fighter (Minotaur Berserker)          Turns: 8111, Time: 00:27:45

Health: -1/83      AC: 22    Str: 33    XL:     9   Next: 65%
Magic:  8/8        EV:  9    Int:  4    God:    Trog [****..]
Gold:   432        SH:  0    Dex:  9    Spells: 8/8 levels left

rFire   . . .      SeeInvis .   s - +2 flail (drain)
rCold   + . .      Faith    .   (no shield)
rNeg    . . .      Spirit   .   c - +1 plate armour
rPois   .          Reflect  .   (helmet restricted)
rElec   .          Harm     .   k - +0 cloak
rCorr   .          Rampage  +   p - +0 pair of gloves
Will    .....                   i - +1 pair of boots {rampage}
Stlth   ..........              (no amulet)
HPRegen 0.23/turn               l - +6 ring of strength
MPRegen 0.11/turn               (no ring)

@: on berserk cooldown, slowed, unable to read, very slow
A: horns 2, retaliatory headbutt, iridescent scales 1, cold resistance 1,
inability to read while threatened
a: Renounce Religion, Berserk, Trog's Hand, Brothers in Arms


You were in a bailey.
You worshipped Trog.
Trog was greatly pleased with you.
You visited 1 branch of the dungeon, and saw 7 of its levels.
You also visited: Bailey.

You collected 432 gold pieces.

Inventory:

Hand Weapons
 s - a +2 flail of draining (weapon)
 t - a +2 halberd of flaming
Missiles
 e - 2 silver boomerangs
 f - 31 poisoned darts
 j - a throwing net
Armour
 c - a +1 plate armour (worn)
 i - a +1 pair of boots of rampaging (worn)
 k - a +0 cloak (worn)
 p - a +0 pair of gloves (worn)
Jewellery
 l - a +6 ring of strength (left hand)
Wands
 g - a wand of flame (9)
Scrolls
 a - a scroll of fog
 m - 2 scrolls of teleportation
 v - a scroll of identify
Potions
 b - a potion of degeneration
 d - 4 potions of curing
 h - 3 potions of heal wounds
 n - 3 potions of might {unknown}
 o - 2 potions of brilliance {unknown}
 q - 4 potions of magic {unknown}
 r - 2 potions of resistance {unknown}
 u - a potion of berserk rage {unknown}
 w - a potion of attraction {unknown}
 x - 2 potions of invisibility {unknown}


   Skills:
 + Level 9.3 Fighting
 - Level 2.0(3.5) Short Blades
 - Level 4.8(5.1) Long Blades
 - Level 1.7(5.8) Axes
 + Level 8.8(8.9) Maces & Flails
 - Level 1.0 Throwing
 + Level 8.6 Armour
 - Level 4.6 Dodging
 - Level 0.2 Stealth


You had 8 spell levels left.
You didn't know any spells.
Your spell library was empty.

Dungeon Overview and Level Annotations

Branches:
Dungeon (7/15)             Bailey (1/1)
 Temple: D:4-7

Altars:
Nemelex Xobeh

Shops:
D:1 *   D:2 *


Innate Abilities, Weirdness & Mutations

You have a pair of horns on your head.
You reflexively headbutt those who attack you in melee.
You are partially covered in iridescent scales. (AC +2)
Your flesh is cold resistant. (rC+)
You sometimes lose the ability to read scrolls when taking damage.


Message History

Your Maces & Flails skill increases to level 8!
Your Armour skill increases to level 8!
You closely miss the orc knight.
The orc knight is moderately wounded.
The orc knight hits you with a +0 halberd!!
You feel threatened and lose the ability to read scrolls!
You sock the orc knight!
The orc knight is heavily wounded.
Your ogre misses the orc knight.
The orc knight hits you with a +0 halberd!!!
You barely miss the orc knight.
The orc knight is heavily wounded.
Your ogre completely misses the orc knight.
You are too berserk!
You hit the orc knight. You drain the orc knight.
Your headbutt misses the orc knight.
The orc knight is severely wounded.
The orc warrior hits your ogre with a +0 glaive!!
The orc knight hits you with a +0 halberd!!
* * * LOW HITPOINT WARNING * * *
Your ogre barely misses the orc knight.
You sock the orc knight! Your punch misses the orc knight.
The orc knight is almost dead.
The orc knight hits you but does no damage.
The orc warrior closely misses your ogre.
You bludgeon the orc knight!!
You feel the power of Trog in you as your rage grows.
You kill the orc knight!
Trog accepts your kill.
Your ogre closely misses the orc warrior.
The orc warrior hits your ogre with a +0 glaive!
Your ogre dies!
Your ogre's corpse disappears in a puff of smoke!
Your Fighting skill increases to level 9!
You feel a strong urge to attack something.
You feel your anger nearly subside.
You are no longer berserk.
You are exhausted.
You feel yourself slow down.
The orc warrior hits you from afar with a +0 glaive!
You die...

#### ####### ####### .....
########.....## ##......
......#.....#...@..)######.....#.
..#..'...!.'.o.##..#.)..#....###
o.....'..).)'))..8)))....'.....8.
o..#..'..)))))).##))#)...#....###
......#.....#.....).######....)#.
.....#########.....## ##....))
##### ####### #######


You could see an orc warrior (strong).

Vanquished Creatures
  2 orc knights (Bailey)
  Eustachio (D:4)
  3 orc warriors (Bailey)
  2 sky beasts (D:6)
  An ice beast (D:7)
  A centaur (D:5)
  A kobold brigand (D:6)
  2 bullfrogs
  2 necrophages
  5 scorpions
  2 howler monkeys
  2 jellies (D:6)
  A hound (D:6)
  3 iguanas
  Natasha (thrice) (D:2)
  15 gnolls
  7 adders
  A white imp (D:6)
  3 worms (D:2)
  2 dart slugs
  27 orcs
  6 bats
  6 endoplasms
  9 goblins
  10 hobgoblins
  6 jackals
  10 kobolds
  3 quokkas
  8 ball pythons
  4 frilled lizards
  5 rats
153 creatures vanquished.

Vanquished Creatures (collateral kills)
  3 orc warriors (Bailey)
  3 orcs (Bailey)
6 creatures vanquished.

Vanquished Creatures (others)
  11 fungi (D:6)
  A plant (D:5)
12 creatures vanquished.

Grand Total: 171 creatures vanquished

Notes
Turn   | Place    | Note
-------+----------+-------------------------------------------
     0 | D:1      | FrostSilk the Minotaur Berserker began the quest for the
                  | Orb.
     0 | D:1      | Reached XP level 1. HP: 19/19 MP: 0/0
   109 | D:1      | Reached skill level 1 in Short Blades
   347 | D:1      | Reached XP level 2. HP: 27/27 MP: 1/1
   462 | D:1      | Found Uckuv's General Store.
   577 | D:1      | Reached skill level 4 in Fighting
   902 | D:1      | Reached ** piety under Trog
   903 | D:1      | Reached XP level 3. HP: 33/33 MP: 2/2
  1271 | D:2      | Found a faded altar of an unknown god.
  1331 | D:2      | Found Qomazoc's Assorted Antiques.
  1497 | D:2      | Reached XP level 4. HP: 40/40 MP: 3/3
  1665 | D:2      | Noticed Natasha
  1681 | D:2      | Killed Natasha
  1682 | D:2      | Reached skill level 1 in Throwing
  2060 | D:2      | Noticed Natasha
  2079 | D:2      | Killed Natasha
  2080 | D:2      | Reached XP level 5. HP: 47/47 MP: 4/4
  2267 | D:2      | Reached skill level 1 in Axes
  2323 | D:2      | Reached *** piety under Trog
  2810 | D:2      | Noticed Natasha
  2824 | D:2      | Killed Natasha
  3704 | D:3      | Reached skill level 1 in Maces & Flails
  4147 | D:3      | Reached XP level 6. HP: 55/55 MP: 5/5
  4822 | D:4      | Reached skill level 5 in Fighting
  5151 | D:4      | Found a sparkling altar of Nemelex Xobeh.
  5168 | D:4      | Gained mutation: You are partially covered in iridescent
                  | scales. (AC +2) [potion of mutation]
  5168 | D:4      | Gained mutation: You sometimes lose the ability to read
                  | scrolls when taking damage. [potion of mutation]
  5168 | D:4      | Gained mutation: Your flesh is cold resistant. (rC+)
                  | [potion of mutation]
  5186 | D:4      | Noticed Eustachio
  5199 | D:4      | Killed Eustachio
  5200 | D:4      | Reached XP level 7. HP: 58/61 MP: 6/6
  5448 | D:5      | Entered Level 5 of the Dungeon
  6007 | D:5      | Reached skill level 5 in Maces & Flails
  6154 | D:5      | Reached skill level 6 in Fighting
  6328 | D:5      | Reached skill level 5 in Armour
  6336 | D:5      | Reached **** piety under Trog
  6463 | D:5      | Reached XP level 8. HP: 67/70 MP: 7/7
  7055 | D:6      | Reached skill level 7 in Fighting
  7663 | D:7      | Found a flagged portal.
  7898 | Bailey   | Entered a bailey
  8008 | Bailey   | Reached XP level 9. HP: 81/81 MP: 8/8
  8071 | Bailey   | Noticed an orc knight
  8081 | Bailey   | Reached skill level 8 in Fighting
  8091 | Bailey   | Noticed an orc knight
  8100 | Bailey   | Killed an orc knight
  8106 | Bailey   | Killed an orc knight
  8107 | Bailey   | Reached skill level 9 in Fighting
  8111 | Bailey   | Slain by an orc warrior

Illustrated notes

Levels and vault maps discovered:
D:1:      psy_arrival_whirlpool, layout_basic, serial_shops, shop,
          minmay_small_reverse_x
D:2:      minmay_razor_zed, layout_basic, serial_shops,
          nicolae_shop_behind_doors,
          dreamdust_ecumenical_altar_angels_and_demons, uniq_natasha
D:3:      layout_basic, nrook_uturn
D:4:      layout_rooms, lemuel_crystal_altar, hex_tiny, uniq_eustachio
D:5:      layout_gridville, corexii_shack
D:6:      layout_rooms, serial_aquarium, aquarium_bridge_square
          [aquarium_subvault_wall, aquarium_subvault_wall,
          aquarium_subvault_bridge, aquarium_subvault_bridge],
          aquarium_bridge_square [aquarium_subvault_wall,
          aquarium_subvault_bridge, aquarium_subvault_bridge,
          aquarium_subvault_wall], aquarium_window_fake, aquarium_window_1,
          aquarium_window_corridor_1, aquarium_window_1, aquarium_view_2c
D:7:      layout_loops_ring, minmay_temple_entry_steel_oval, enter_bailey_8
Bailey:   bailey_polearm_5, bailey

Skill      XL: |  1  2  3  4  5  6  7  8  9 |
---------------+----------------------------+-----
Short Blades   | 1 2 |  2.0
Fighting       | 4 5 6 7 9 |  9.3
Long Blades    | 4 |  4.8
Throwing       | 1 |  1.0
Dodging        | 3 4 |  4.6
Axes           | 1 |  1.7
Armour         | 3 4 5 7 8 |  8.6
Maces & Flails | 1 3 5 7 8 |  8.8
Stealth        | |  0.2

Action                   |  1- 3 |  4- 6 |  7- 9 || total
-------------------------+-------+-------+-------++-------
Melee: Falchion          |    86 |    27 |       ||   113
       Headbutt          |    18 |    20 |    24 ||    62
       Hand axe          |       |    38 |       ||    38
       Flail             |       |    65 |   147 ||   212
       Punch             |       |       |     1 ||     1
Throw: Boomerang         |     7 |     7 |       ||    14
       Dart              |       |       |     2 ||     2
Invok: Berserk           |     1 |     3 |     5 ||     9
       Brothers in Arms  |       |       |     1 ||     1
Evoke: Wand              |       |     6 |     5 ||    11
  Use: Scroll            |     2 |     8 |     3 ||    13
       Potion            |       |     1 |     1 ||     2
Armor: Animal skin       |     8 |       |       ||     8
       Ring mail         |     6 |       |       ||     6
       Chain mail        |    15 |    14 |       ||    29
       Plate armour      |       |    62 |    95 ||   157
Dodge: Dodged            |    52 |    46 |    75 ||   173

Table legend: (Time is in decaauts)
 A = Elapsed time spent in this place.
 B = Non-inter-level travel time spent in this place.
 C = Inter-level travel time spent in this place.
 D = Time resting spent in this place.
 E = Time spent auto-exploring this place.
 F = Levels seen in this place.
 G = Mean time per level.
                   A        B        C        D        E       F      G
               +--------+--------+--------+--------+--------+-----+--------+
         Total |   8225 |   7299 |    926 |   1829 |   3356 |   8 | 1028.1 |
       Dungeon |   8000 |   7074 |    926 |   1772 |   3356 |   7 | 1142.9 |
        Bailey |    224 |    224 |      0 |     57 |      0 |   1 |  224.0 |
               +--------+--------+--------+--------+--------+-----+--------+

Top non-repeatable levels by time:
     D:2: 2309 daAuts
     D:1: 1224 daAuts
     D:3: 1120 daAuts
     D:5: 1073 daAuts
     D:4: 1034 daAuts
     D:6: 951 daAuts
     D:7: 287 daAuts
  Bailey: 224 daAuts
